 Dungeon Crawl Stone Soup version 0.23.2-1-ga50397a (webtiles) character file.

Game seed: 8032140679728408534

334867 Aske the Warrior (level 21, -2/140 HPs)
             Began as a Gargoyle Gladiator on Apr 20, 2019.
             Was the Champion of Ashenzari.
             Shot with a bolt by a yaktaur captain (14 damage)
             ... on level 3 of the Vaults.
             The game lasted 02:32:31 (47235 turns).

Aske the Warrior (Gargoyle Gladiator)              Turns: 47235, Time: 02:32:32

Health: -2/140     AC: 38    Str: 21    XL:     21   Next: 85%
Magic:  0/28       EV: 24    Int: 13    God:    Ashenzari [******]
Gold:   737        SH:  7    Dex: 20    Spells: 28/30 levels left

rFire    + + .     SeeInvis +   a - +8 rapier (elec)
rCold    . . .     Gourm    .   c - +0 buckler {rN+}
rNeg     + + .     Faith    .   C - +4 troll leather armour
rPois    ∞         Spirit   +   w - +4 hat of the Apprentice {+Fly rCorr} (curse)
rElec    +         Reflect  .   t - scarf {Spirit}
rCorr    +         Harm     .   e - +2 pair of gloves {Dex+3}
MR       ++...     Clarity  +   j - +0 pair of boots
Stlth    +++++.....             S - amulet "Miacashro" {Regen+ Int+3}
HPRegen  1.13/turn              d - ring of protection from magic
MPRegen  0.21/turn              l - ring "Tik Uxzuu" {rElec rF+}

@: flying
A: antennae 1, big wings, iridescent scales 1, fire resistance 1, negative
energy resistance 1, electricity resistance, unbreathing, petrification
resistance, rot immunity, AC +16
}: 2/15 runes: serpentine, barnacled
a: Stop Flying, Curse Item, Scrying, Transfer Knowledge, Renounce Religion


You were on level 3 of the Vaults.
You worshipped Ashenzari.
Ashenzari was exalted by your worship.
You were hungry.

You visited 9 branches of the dungeon, and saw 39 of its levels.
You also visited: Ossuary.

You collected 3544 gold pieces.
You spent 2807 gold pieces at shops.

Inventory:

Hand Weapons
 a - a +8 rapier of electrocution (weapon)
 v - a +5 rapier of speed
 Z - the +7 rapier of Past Mistakes {antimagic, *Rage rN++ MR+ Dex+2}
   (You found it on level 3 of the Elven Halls)

   It reduces the magical energy of the wielder, and disrupts the spells and
   magical abilities of those hit.
   Natural abilities and divine invocations are not affected.
   It affects your dexterity (+2).
   It greatly protects you from negative energy.
   It affects your resistance to hostile enchantments.
   It may make you go berserk in combat.
Armour
 c - a +0 buckler of positive energy (worn)
 e - a +2 pair of gloves of dexterity (worn)
 j - a +0 pair of boots (worn)
 t - a scarf of spirit shield (worn)
 w - the cursed +4 hat of the Apprentice (worn) {+Fly rCorr}
   (You acquired it on level 6 of the Lair of Beasts)

   It lets you fly.
   It provides partial protection from all sources of acid and corrosion.
   It has a curse placed upon it.
 C - a +4 troll leather armour (worn)
 D - a +2 cloak of magic resistance
 E - a +3 leather armour of fire resistance
 M - a +2 leather armour of cold resistance
Jewellery
 d - a ring of protection from magic (left hand)
 l - the ring "Tik Uxzuu" (right hand) {rElec rF+}
   (You found it on level 12 of the Dungeon)

   [ring of protection from fire]

   It protects you from fire.
   It insulates you from electricity.
 q - an uncursed ring of protection from fire
 z - an uncursed ring of resist corrosion
 K - an uncursed ring of magical power
 S - the amulet "Miacashro" (around neck) {Regen+ Int+3}
   (You took it off a deep elf blademaster on level 3 of the Elven Halls)

   [amulet of regeneration]

   It affects your intelligence (+3).
   It increases your rate of regeneration.
Wands
 k - a wand of paralysis (25)
 o - a wand of disintegration (35)
 r - a wand of clouds (4)
 y - a wand of digging (16)
 O - a wand of enslavement (21)
 R - a wand of iceblast (37)
Scrolls
 g - 5 scrolls of summoning
 i - 17 scrolls of teleportation
 m - 15 scrolls of identify
 n - 3 scrolls of magic mapping
 p - 2 scrolls of fear
 A - 2 scrolls of fog
 B - 12 scrolls of remove curse
 P - 2 scrolls of silence
 Q - 3 scrolls of blinking
Potions
 h - 17 potions of curing
 s - 2 potions of cancellation
 u - 3 potions of resistance
 x - 3 potions of haste
 I - 4 potions of agility
 J - 5 potions of might
Comestibles
 b - a chunk of flesh
 f - 62 rations


   Skills:
 + Level 17.9 Fighting
 + Level 17.7 Short Blades
 - Level 1.7 Throwing
 + Level 17.1 Armour
 + Level 14.4 Dodging
 - Level 10.0 Stealth
 + Level 10.8 Shields
 - Level 5.0 Spellcasting
 - Level 10.0 Evocations


You had 28 spell levels left.
You knew the following spells:

 Your Spells              Type           Power        Failure   Level  Hunger
a - Blink                 Tloc           N/A          30%         2    ##.....

Your spell library contained the following spells:

 Spells                   Type           Power        Failure   Level  Hunger
 Animate Skeleton         Necr           N/A          21%         1    None
 Apportation              Tloc           #.....       21%         1    None
 Confusing Touch          Hex            #.....       21%         1    None
 Magic Dart               Conj           #...         21%         1    None
 Shock                    Conj/Air       #...         21%         1    None
 Summon Butterflies       Summ           #.......     21%         1    None
 Summon Small Mammal      Summ           #...         21%         1    None
 Call Imp                 Summ           #.......     30%         2    ##.....
 Corpse Rot               Necr           N/A          30%         2    ##.....
 Shroud of Golubria       Chrm/Tloc      #.........   30%         2    ##.....
 Slow                     Hex            #.......     30%         2    ##.....
 Swiftness                Chrm/Air       #.......     30%         2    ##.....
 Conjure Flame            Conj/Fire      #.......     52%         3    ###....
 Gell's Gravitas          Tloc           #.........   52%         3    ###....
 Lesser Beckoning         Tloc           #.........   52%         3    ###....
 Mephitic Cloud           Conj/Pois/Air  #.......     52%         3    ###....
 Recall                   Summ/Tloc      N/A          52%         3    ###....
 Static Discharge         Conj/Air       #.......     52%         3    ###....
 Stone Arrow              Conj/Erth      #.....       52%         3    ###....
 Teleport Other           Tloc           #.......     52%         3    ###....
 Tukima's Dance           Hex            #.......     52%         3    ###....
 Airstrike                Air            #.........   90%         4    ####...
 Cause Fear               Hex            #.........   90%         4    ####...
 Force Lance              Conj/Tloc      #.......     90%         4    ####...
 Agony                    Necr           #.......     99%         5    ######.
 Alistair's Intoxication  Tmut/Pois      #.......     99%         5    ######.
 Aura of Abjuration       Summ           #.........   99%         5    ######.
 Bolt of Draining         Conj/Necr      #.........   99%         5    ######.
 Bolt of Magma            Conj/Fire/Erth #.........   99%         5    ######.
 Dispel Undead            Necr           #.......     99%         5    ######.
 Excruciating Wounds      Chrm/Necr      #.........   99%         5    ######.
 Lee's Rapid Deconstruct  Erth           #.........   99%         5    ######.
 Lightning Bolt           Conj/Air       #.........   99%         5    ######.
 Silence                  Hex/Air        #.........   99%         5    ######.
 Summon Demon             Summ           #.........   99%         5    ######.
 Summon Forest            Summ/Tloc      #.........   99%         5    ######.
 Summon Mana Viper        Hex/Summ       #.......     99%         5    ######.
 Yara's Violent Unravell  Hex/Tmut       #.........   99%         5    ######.
 Deflect Missiles         Chrm/Air       #.........   100%        6    #######
 Dispersal                Tloc           #.........   100%        6    #######
 Invisibility             Hex            #.......     100%        6    #######
 Shadow Creatures         Summ           N/A          100%        6    #######
 Discord                  Hex            #.........   100%        8    #######
 Sublimation of Blood     Necr           Unusable     N/A         2    N/A
 Statue Form              Tmut/Erth      Unusable     N/A         6    N/A

Dungeon Overview and Level Annotations

Branches:
Dungeon (15/15)            Temple (1/1) D:4            Lair (6/6) D:10
 Shoals (4/4) Lair:3        Snake (4/4) Lair:3        Slime (0/5) Lair:5
    Orc (2/2) D:12            Elf (3/3) Orc:2        Vaults (3/5) D:13
 Depths (1/5) D:15
  Crypt: Vaults:2-3

Altars:
Ashenzari
Cheibriados
Dithmenos
Elyvilon
Fedhas
Gozag
Hepliaklqana
Kikubaaqudgha
Makhleb
Nemelex Xobeh
Okawaru
Qazlal
Ru
Sif Muna
Trog
Uskayaw
Vehumet
Wu Jian
Xom
Yredelemnul
Zin
The Shining One
Beogh
Jiyva

Shops:
D:12 %   D:13 =*   D:15 [   Orc:2 *?*=   Elf:1 *   Shoals:1 *   Shoals:3 *
Shoals:4 [   Snake:3 :   Snake:4 [   Vaults:1 [

Annotations:
Snake:1 2 transporters, Romunoh's ghost, adept SpAs


Innate Abilities, Weirdness & Mutations

You are resistant to torment.
Your stone body is resilient. (AC +16)
You are immune to poison.
Your large and strong wings let you fly indefinitely.
You resist negative energy. (rN+)
You are resistant to electric shocks. (rElec)
You can survive without breathing.
You are immune to petrification.
You are immune to rotting.
You have a pair of small antennae on your head.
You are partially covered in iridescent scales. (AC +2)
Your flesh is heat resistant. (rF+)


Message History

The crystal guardian hits you but does no damage.
Unknown command.
Throwing (i - inventory)
T - a throwing net (quivered)
Press: ? - help, Shift-Dir - straight line, f - crystal guardian
Aim: a crystal guardian You throw a throwing net.
The throwing net hits the crystal guardian.
The crystal guardian is caught in the net!
The crystal guardian struggles against the net.
You catch the helpless crystal guardian completely off-guard!
You impale the crystal guardian!!
The crystal guardian is heavily damaged.
The yaktaur captain shoots a bolt.
The bolt hits you.
You hit the crystal guardian but do no damage.
The crystal guardian is heavily damaged.
You puncture the crystal guardian!
The crystal guardian is severely damaged.
The crystal guardian struggles against the net.
The yaktaur captain shoots a bolt.
The bolt hits you!
You die...

* ,, ,,,, ,* , , ,,, * ***
,, ,, *** **** ** * *, ,, *
****** #####+## , ,*
#......# * **,, * **#..c...#
, ** , #......# , ,,
#......# ####### ,,+ , ,
#...@8.# #(...)# , , ,
,*#......# #(...)# , , *,,*
, ######## #(..))# ,,***, *
#(...)# * **,,, #(...)# * ,∆
* ##...##
###+#####################'##
#........#.........#.......#
#........#...#.###.#.......#


You could see a yaktaur captain and a crystal guardian (caught).

Vanquished Creatures
  Vashnia (Snake:3)
  Jorgrun (D:14)
  2 deep elf master archers (Elf:3)
  Frances (Snake:1)
  4 deep elf blademasters (Elf:3)
  2 sphinxes
  Polyphemus (Shoals:2)
  Roxanne (Elf:1)
  Ilsuiw (Shoals:4)
  10 nagarajas
  Louise (Shoals:3)
  Aizul (Snake:2)
  5 vault wardens
  5 deep elf sorcerers
  7 deep elf elementalists (Elf:3)
  5 ironheart preservers
  A stone giant (Vaults:2)
  3 deep elf demonologists (Elf:3)
  Nessos (D:13)
  6 deep elf annihilators
  A dire elephant (D:15)
  11 deep elf death magi
  5 merfolk javelineers
  8 merfolk impalers
  2 fire dragons
  3 yaktaur captains (Vaults:2)
  3 deep elf high priests (Elf:3)
  2 rakshasas
  2 ice dragons (Vaults:2)
  Erolcha (D:13)
  6 hydras
  9 vault guards
  17 naga warriors
  8 anacondas
  2 catoblepae
  2 merfolk avatars (Shoals:4)
  An alligator snapping turtle (Shoals:3)
  4 centaur warriors
  7 merfolk aquamancers
  5 ogre magi
  24 two-headed ogres
  A deep troll shaman (Vaults:2)
  30 dancing weapons
  3 orc high priests (Orc:2)
  A deep troll earth mage (Vaults:2)
  5 death yaks
  20 naga sharpshooters
  9 shock serpents
  Urug (D:13)
  14 deep elf knights
  6 skeletal warriors (Vaults:2)
  16 sea snakes
  2 glowing orange brains
  4 unseen horrors
  A flayed ghost (Vaults:2)
  8 deep trolls (Vaults:2)
  8 naga ritualists
  6 wizards
  3 swamp dragons (Lair:3)
  13 harpies
  The ghost of shugdite the Basher, a novice MiFi of Okawaru (D:4)
  A lindwurm (Lair:6)
  9 deep elf archers
  52 deep elf magi
  11 mana vipers
  3 wolf spiders
  12 orc knights
  6 ironbrand convokers
  The ghost of totalnoob the Sneak, a novice GnEn of Dithmenos (D:8)
  A faun (Shoals:2)
  12 manticores
  15 ugly things
  6 orc sorcerers
  7 cyclopes
  9 salamanders
  6 merfolk sirens
  3 guardian serpents
  3 elephants (Lair:6)
  4 vault sentinels (Vaults:2)
  4 water nymphs
  3 gargoyles (D:14)
  33 naga magi
  3 molten gargoyles (Lair:6)
  42 black mambas
  13 spiny frogs
  A spiny frog (shapeshifter) (Vaults:2)
  5 centaur zombies
  A freezing wraith (Vaults:3)
  A rime drake (Lair:2)
  2 efreet
  10 komodo dragons
  19 yaktaurs
  3 kobold demonologists (D:12)
  6 trolls
  A troll (shapeshifter) (Vaults:2)
  3 meliai (D:13)
  22 merfolk
  A jumping spider (shapeshifter) (Vaults:2)
  A queen bee (shapeshifter) (Vaults:2)
  A polar bear (Lair:6)
  4 wind drakes
  4 dream sheep
  2 hornets
  A dream sheep (shapeshifter) (Vaults:2)
  14 blink frogs
  Grinder (D:5)
  19 slime creatures
  A blink frog (shapeshifter) (D:15)
  17 hippogriffs
  12 snapping turtles
  A stone giant simulacrum (Vaults:3)
  Sigmund (D:3)
  2 vampires
  4 air elementals
  20 water elementals
  7 wraiths
  8 wyverns
  4 hogs (D:7)
  A human (D:7)
  A shadow (D:15)
  2 basilisks
  28 yaks
  A fire elemental (Elf:1)
  Eustachio (D:4)
  3 steam dragons
  Edmund (D:6)
  A soldier ant (D:13)
  3 acid dragons
  49 nagas
  2 water moccasins
  4 hell hounds (Lair:6)
  A water moccasin (shapeshifter) (Vaults:2)
  8 porcupines
  6 wargs
  4 ice beasts
  2 sky beasts
  2 black bears
  31 orc warriors
  An eye of draining (D:15)
  3 hornet zombies
  2 phantoms
  11 wolves
  21 ogres
  14 centaurs
  13 crocodiles
  5 big kobolds
  17 bullfrogs
  A deep troll simulacrum (Vaults:1)
  2 earth elementals (Elf:1)
  A water moccasin zombie (D:5)
  7 scorpions
  6 killer bees (D:8)
  7 wights
  5 electric eels
  13 crimson imps
  2 human simulacra
  5 lava snakes (Lair:6)
  A wyvern simulacrum (D:14)
  26 orc priests
  14 hounds
  2 bullfrog skeletons
  6 jellies
  9 centaur skeletons
  4 iguanas
  27 orc wizards
  12 worker ants
  A killer bee zombie (D:6)
  A hound skeleton (D:11)
  7 gnolls
  17 adders
  A shadow imp (D:15)
  2 oozes
  2 adder skeletons
  3 worms
  A dart slug (D:3)
  5 leopard geckos
  75 orcs
  13 bats
  4 giant cockroaches
  7 goblins
  6 hobgoblins
  13 jackals
  10 quokkas
  5 ball pythons
  4 ball python skeletons (Ossuary)
  6 frilled lizards
  A hobgoblin skeleton (Ossuary)
  24 kobolds
  A leopard gecko zombie (D:6)
  3 orc zombies (Ossuary)
  A quokka zombie (D:6)
  5 rats
1398 creatures vanquished.

Vanquished Creatures (others)
  An ogre mage (Vaults:2)
  A harpy (Shoals:1)
  2 nagas
  2 orc warriors (Vaults:1)
  An elf simulacrum (Vaults:1)
  An orc wizard (Vaults:2)
  An orc (Vaults:1)
  A bush (Lair:4)
  13 fungi
  3 plants (Shoals:4)
26 creatures vanquished.

Grand Total: 1424 creatures vanquished

Notes
Turn   | Place    | Note
-------+----------+-------------------------------------------
     0 | D:1      | Aske the Gargoyle Gladiator began the quest for the Orb.
     0 | D:1      | Reached XP level 1. HP: 12/12 MP: 1/1
   196 | D:1      | Reached XP level 2. HP: 15/17 MP: 2/2
   217 | D:1      | You fall through a shaft!
   400 | D:2      | Reached XP level 3. HP: 14/22 MP: 3/3
   464 | D:2      | Reached skill level 1 in Armour
   810 | D:2      | Reached XP level 4. HP: 27/27 MP: 4/4
  2166 | D:3      | Found a shadowy altar of Dithmenos.
  2174 | D:3      | Reached XP level 5. HP: 31/32 MP: 5/5
  2243 | D:3      | Reached skill level 1 in Stealth
  2449 | D:3      | Noticed Sigmund
  2465 | D:3      | Killed Sigmund
  2465 | D:3      | Reached XP level 6. HP: 23/37 MP: 6/6
  2893 | D:4      | Reached skill level 5 in Short Blades
  2918 | D:4      | Reached XP level 7. HP: 16/41 MP: 7/7
  3080 | D:4      | Found a staircase to the Ecumenical Temple.
  3117 | Temple   | Entered the Ecumenical Temple
  3201 | Temple   | Became a worshipper of Ashenzari the Shackled
  3342 | D:4      | Gained mutation: Scrolls take you a little longer to read.
                  | [potion of mutation]
  3342 | D:4      | Gained mutation: Scrolls take you longer to read. [potion
                  | of mutation]
  3342 | D:4      | Gained mutation: You are partially covered in molten
                  | scales. (AC +2) [potion of mutation]
  3400 | D:4      | Lost mutation: You are partially covered in molten scales.
                  | (AC +2) [potion of mutation]
  3400 | D:4      | Lost mutation: Scrolls take you longer to read. [potion of
                  | mutation]
  3400 | D:4      | Lost mutation: Scrolls take you a little longer to read.
                  | [potion of mutation]
  3400 | D:4      | Gained mutation: You tend to lose your temper in combat.
                  | [potion of mutation]
  3400 | D:4      | Gained mutation: Your flesh is cold resistant. (rC+)
                  | [potion of mutation]
  3516 | D:4      | Noticed Eustachio
  3587 | D:4      | Killed Eustachio
  4084 | D:4      | Found a large runed translucent door.
  4084 | D:4      | Found a large runed translucent door.
  4084 | D:4      | Noticed shugdite's ghost (novice MiFi)
  4272 | D:5      | Entered Level 5 of the Dungeon
  4472 | D:5      | Reached XP level 8. HP: 48/48 MP: 8/8
  4639 | D:5      | Noticed Grinder
  4655 | D:5      | Paralysed by Grinder for 5 turns
  4661 | D:5      | Killed Grinder
  5394 | D:6      | Noticed Edmund
  5412 | D:6      | Killed Edmund
  5412 | D:6      | Reached XP level 9. HP: 40/52 MP: 9/9
  5832 | D:6      | Lost mutation: Your flesh is cold resistant. (rC+) [potion
                  | of mutation]
  5832 | D:6      | Lost mutation: You tend to lose your temper in combat.
                  | [potion of mutation]
  5832 | D:6      | Gained mutation: You have a pair of small antennae on your
                  | head. [potion of mutation]
  5832 | D:6      | Gained mutation: You are agile. (Dex +2) [potion of
                  | mutation]
  5832 | D:6      | Gained mutation: You have large cloven feet. [potion of
                  | mutation]
  5859 | D:6      | Identified the Grimoire of the Voyage
  5883 | D:6      | Reached * piety under Ashenzari
  6153 | D:6      | Reached skill level 5 in Fighting
  6459 | D:7      | Reached skill level 5 in Dodging
  6614 | D:7      | Reached XP level 10. HP: 54/59 MP: 10/10
  6750 | D:7      | Got the uncursed robe "Ubudotea" {rC- Regen+ Str+2}
  7090 | D:8      | Found a sand-covered staircase.
  7096 | Ossuary  | Entered an ossuary
  7216 | Ossuary  | Reached skill level 10 in Short Blades
  7520 | D:8      | Reached skill level 5 in Stealth
  7534 | D:8      | Found a runed translucent gate.
  7534 | D:8      | Found a runed translucent gate.
  7535 | D:8      | Found a runed translucent gate.
  7536 | D:8      | Noticed totalnoob's ghost (novice GnEn)
  7790 | D:8      | Reached ** piety under Ashenzari
  8015 | D:9      | Noticed a two-headed ogre
  8166 | D:8      | Reached skill level 5 in Armour
  8264 | D:8      | Killed a two-headed ogre
  8699 | D:9      | Reached XP level 11. HP: 57/67 MP: 11/11
  8817 | D:9      | Got the cursed flail "Tetaxkar" {elec, rElec Str+4}
  9262 | D:9      | Noticed a two-headed ogre
  9266 | D:9      | Killed a two-headed ogre
  9323 | D:9      | Found a sacrificial altar of Ru.
  9736 | D:10     | Entered Level 10 of the Dungeon
  9758 | D:10     | Found a staircase to the Lair.
  9798 | D:10     | Noticed a two-headed ogre
  9812 | D:10     | Killed a two-headed ogre
  9884 | D:10     | Noticed a centaur warrior
  9897 | D:10     | Killed a centaur warrior
 10706 | Lair:1   | Entered Level 1 of the Lair of Beasts
 11238 | Lair:1   | Noticed an eight-headed hydra
 11248 | Lair:1   | Killed an eight-headed hydra
 11248 | Lair:1   | Reached skill level 1 in Evocations
 11248 | Lair:1   | Reached XP level 12. HP: 71/76 MP: 12/12
 12201 | Lair:2   | Reached *** piety under Ashenzari
 12283 | Lair:2   | Noticed a six-headed hydra
 12297 | Lair:2   | Killed a six-headed hydra
 13551 | Lair:3   | Found a transporter.
 13681 | Lair:3   | Found a staircase to the Snake Pit.
 13696 | Lair:3   | Found a transporter.
 14247 | Lair:3   | Found a staircase to the Shoals.
 14779 | Lair:4   | Reached skill level 10 in Fighting
 14944 | Lair:4   | Noticed a death yak
 14945 | Lair:4   | Noticed a death yak
 15442 | Lair:4   | Noticed a death yak
 15467 | Lair:4   | Killed a death yak
 15472 | Lair:4   | Killed a death yak
 15472 | Lair:4   | Reached XP level 13. HP: 43/82 MP: 16/16
 16584 | Lair:5   | Found a viscous altar of Jiyva.
 16584 | Lair:5   | Found a staircase to the Slime Pits.
 16763 | Lair:5   | Reached **** piety under Ashenzari
 17012 | Lair:6   | Entered Level 6 of the Lair of Beasts
 17077 | Lair:6   | Reached skill level 5 in Evocations
 17938 | Lair:6   | Noticed a fire dragon
 18325 | Lair:6   | Identified a scroll of acquirement
 18329 | Lair:6   | Found a large runed translucent door.
 18337 | Lair:6   | Got the cursed hat of the Apprentice {+Fly rCorr}
 18343 | Lair:6   | Identified the cursed +4 hat of the Apprentice {+Fly rCorr}
                  | (You acquired it on level 6 of the Lair of Beasts)
 18449 | Lair:6   | Gained mutation: Your large and strong wings let you fly
                  | indefinitely. [Gargoyle growth]
 18449 | Lair:6   | Reached XP level 14. HP: 49/90 MP: 17/17
 18691 | Lair:6   | Found a large runed translucent door.
 19260 | Lair:3   | Reached skill level 10 in Armour
 19452 | Lair:3   | Identified the cursed +0 flail "Tetaxkar" {elec, rElec
                  | Str+4} (You found it on level 9 of the Dungeon)
 19509 | Lair:1   | Identified the cursed +0 flail "Tetaxkar" {elec, rElec
                  | Str+4} (You found it on level 9 of the Dungeon)
 19747 | D:4      | Killed shugdite's ghost
 19935 | D:8      | Killed totalnoob's ghost
 20772 | D:12     | Identified the ring "Tik Uxzuu" {rElec rF+}
 20775 | D:12     | Reached ***** piety under Ashenzari
 20926 | D:12     | Found Dyenoum's Food Shoppe.
 21282 | D:12     | Found a staircase to the Orcish Mines.
 21619 | D:13     | Found a gate to the Vaults.
 21750 | D:12     | Reached skill level 10 in Dodging
 21911 | D:13     | Noticed Nessos
 22308 | D:13     | Found Saeniuc's Jewellery Boutique.
 22311 | D:13     | Bought an uncursed amulet of guardian spirit for 570 gold
                  | pieces
 22332 | D:13     | Noticed Erolcha
 22347 | D:13     | Killed Erolcha
 22378 | D:13     | Found Dirph's Assorted Antiques.
 22421 | D:13     | Noticed Urug
 22463 | D:13     | Killed Urug
 22521 | D:13     | Killed Nessos
 22521 | D:13     | Reached XP level 15. HP: 91/97 MP: 16/18
 23315 | D:14     | Learned a level 2 spell: Blink
 23355 | D:14     | Noticed Jorgrun
 23376 | D:14     | Killed Jorgrun
 23690 | D:15     | Entered Level 15 of the Dungeon
 23899 | D:15     | Found a staircase to the Depths.
 24165 | D:15     | Found Ruofigyq's Armour Shoppe.
 24499 | Orc:1    | Entered Level 1 of the Orcish Mines
 24610 | Orc:1    | Found a roughly hewn altar of Beogh.
 24720 | Orc:2    | Entered Level 2 of the Orcish Mines
 25052 | Orc:2    | Found Ziyda's Assorted Antiques.
 25558 | Orc:1    | Found a roughly hewn altar of Beogh.
 25712 | Orc:2    | Found a staircase to the Elven Halls.
 26141 | Orc:2    | Found Xuhof's Magic Scroll Boutique.
 26144 | Orc:2    | Found Qosy's Jewellery Shoppe.
 26279 | Orc:2    | Found Dady's Assorted Antiques.
 26366 | Orc:2    | Bought a runed short sword for 138 gold pieces
 26384 | Orc:2    | Bought a scroll of brand weapon for 280 gold pieces
 26394 | Orc:2    | Bought a scroll of blinking for 157 gold pieces
 26394 | Orc:2    | Bought a glowing rapier for 147 gold pieces
 26394 | Orc:2    | Bought an ancient large shield for 199 gold pieces
 26394 | Orc:2    | Bought a runed demon whip for 378 gold pieces
 26413 | Orc:2    | Identified the +6 large shield of Proximity {rF+ SInv} (You
                  | bought it in a shop on level 2 of the Orcish Mines)
 26745 | Elf:1    | Entered Level 1 of the Elven Halls
 26795 | Elf:1    | Reached XP level 16. HP: 70/105 MP: 14/20
 27022 | Elf:1    | Identified Roxanne's Grimoire of Earth
 27022 | Elf:1    | Noticed Roxanne
 27181 | Elf:1    | Killed Roxanne
 27181 | Elf:1    | Reached skill level 15 in Short Blades
 27376 | Elf:1    | Found Kafat's Assorted Antiques.
 27877 | Elf:2    | Found the +8 orange crystal plate armour {Archmagi, Int+3
                  | Clar}
 28242 | Elf:2    | Found a huge runed translucent gate.
 28250 | Elf:2    | Found a huge runed translucent gate.
 28251 | Elf:2    | Found a huge runed translucent gate.
 28252 | Elf:2    | Found a huge runed translucent gate.
 28253 | Elf:2    | Found a huge runed translucent gate.
 29160 | Elf:3    | Entered Level 3 of the Elven Halls
 29407 | Elf:3    | Reached XP level 17. HP: 112/112 MP: 22/22
 29744 | Elf:3    | Reached ****** piety under Ashenzari
 30540 | Elf:3    | Identified the +4 chain mail of Hide-and-Seek {Dex+3}
 30686 | Elf:3    | Noticed a deep elf blademaster
 30692 | Elf:3    | Noticed a deep elf blademaster
 30712 | Elf:3    | Killed a deep elf blademaster
 30712 | Elf:3    | Reached skill level 10 in Stealth
 30891 | Elf:3    | Noticed a deep elf blademaster
 30896 | Elf:3    | Identified the +12 falchion of War {flame, rElec rN+ Dex+3}
 30904 | Elf:3    | Noticed a deep elf master archer
 30905 | Elf:3    | Identified the amulet "Miacashro" {Regen+ Int+3}
 30905 | Elf:3    | Noticed a deep elf blademaster
 30953 | Elf:3    | Killed a deep elf blademaster
 30953 | Elf:3    | Reached skill level 15 in Fighting
 31135 | Elf:3    | Killed a deep elf master archer
 31158 | Elf:3    | Killed a deep elf blademaster
 31321 | Elf:3    | Killed a deep elf blademaster
 31420 | Elf:3    | Noticed an Executioner
 31445 | Elf:3    | Got the uncursed pair of gloves of the Soldier {*Corrode
                  | rPois Str-5 Int+7}
 31448 | Elf:3    | Got the rapier of Past Mistakes {antimagic, *Rage rN++ MR+
                  | Dex+2}
 31449 | Elf:3    | Identified the +7 rapier of Past Mistakes {antimagic, *Rage
                  | rN++ MR+ Dex+2} (You found it on level 3 of the Elven
                  | Halls)
 31472 | Elf:3    | Got the dagger of Compassion {pain, rPois Int+3}
 31473 | Elf:3    | Identified the +4 dagger of Compassion {pain, rPois Int+3}
                  | (You found it on level 3 of the Elven Halls)
 31549 | Elf:3    | Noticed a deep elf master archer
 31561 | Elf:3    | Reached XP level 18. HP: 72/119 MP: 5/24
 31637 | Elf:3    | Killed a deep elf master archer
 32193 | Shoals:1 | Entered Level 1 of the Shoals
 32488 | Orc:2    | Bought a pair of embroidered gloves for 157 gold pieces
 32993 | Shoals:1 | Reached skill level 1 in Shields
 33066 | Shoals:1 | Found Kavaux's General Store.
 33978 | Shoals:2 | Noticed Polyphemus
 34011 | Shoals:2 | Killed Polyphemus
 34846 | Shoals:3 | Found Nuimait's General Store.
 35309 | Shoals:3 | Noticed Louise
 35317 | Shoals:3 | Killed Louise
 35532 | Shoals:4 | Entered Level 4 of the Shoals
 36424 | Shoals:4 | Noticed Ilsuiw
 36567 | Shoals:4 | Killed Ilsuiw
 36981 | Shoals:4 | Found Paqotsar's Antique Armour Shoppe.
 37129 | Shoals:4 | Got a barnacled rune of Zot
 37382 | Shoals:4 | Reached XP level 19. HP: 125/125 MP: 8/26
 37594 | Shoals:4 | Lost mutation: You are agile. (Dex +2) [potion of mutation]
 37594 | Shoals:4 | Lost mutation: You have a pair of small antennae on your
                  | head. [potion of mutation]
 37594 | Shoals:4 | Lost mutation: You have large cloven feet. [potion of
                  | mutation]
 37594 | Shoals:4 | Gained mutation: Your flesh is heat resistant. (rF+)
                  | [potion of mutation]
 37594 | Shoals:4 | Gained mutation: You have a pair of small antennae on your
                  | head. [potion of mutation]
 37594 | Shoals:4 | Gained mutation: You are partially covered in iridescent
                  | scales. (AC +2) [potion of mutation]
 37759 | Shoals:4 | Reached skill level 5 in Shields
 37822 | Shoals:4 | Reached skill level 10 in Evocations
 38022 | Shoals:4 | Bought a smoking ring mail for 288 gold pieces
 38032 | Shoals:4 | Identified the +5 ring mail of Winter {rPois} (You bought
                  | it in a shop on level 4 of the Shoals)
 38162 | Shoals:4 | Reached skill level 15 in Armour
 38243 | Shoals:1 | Bought a scarf of spirit shield for 153 gold pieces
 38243 | Shoals:1 | Bought a scroll of brand weapon for 340 gold pieces
 38471 | Snake:1  | Entered Level 1 of the Snake Pit
 38740 | Snake:1  | Reached skill level 1 in Spellcasting
 38786 | Snake:1  | Found a blossoming altar of Fedhas.
 39020 | Snake:1  | Found a transporter.
 39033 | Snake:1  | Noticed Romunoh's ghost (adept SpAs)
 39037 | Snake:1  | Found a transporter.
 39576 | Snake:2  | Noticed Frances
 39638 | Snake:1  | Killed Frances
 39976 | Snake:2  | Noticed Aizul
 40014 | Snake:2  | Killed Aizul
 40702 | Snake:3  | Noticed Vashnia
 40730 | Snake:3  | Killed Vashnia
 41413 | Snake:3  | Found Ferem's Book Shoppe.
 41567 | Snake:4  | Entered Level 4 of the Snake Pit
 41670 | Snake:4  | Reached XP level 20. HP: 132/132 MP: 27/27
 42175 | Snake:4  | Reached skill level 5 in Spellcasting
 42415 | Snake:4  | Got the cursed short sword "Zeapata" {pierce, rPois rF-
                  | Int+3}
 42416 | Snake:4  | Identified the cursed +7 short sword "Zeapata" {pierce,
                  | rPois rF- Int+3} (You acquired it on level 4 of the Snake
                  | Pit)
 42513 | Snake:4  | Got a serpentine rune of Zot
 42916 | Snake:4  | Found Xuohab's Antique Armour Shop.
 43408 | Depths:1 | Entered Level 1 of the Depths
 43469 | Vaults:1 | Entered Level 1 of the Vaults
 43557 | Vaults:1 | Found Ishri's Antique Armour Boutique.
 44769 | Vaults:1 | Reached XP level 21. HP: 139/139 MP: 28/28
 45738 | Vaults:2 | Reached skill level 10 in Shields
 46214 | Vaults:2 | HP: 6/140 [stone giant/large rock (12)]
 47235 | Vaults:3 | Shot with a bolt by a yaktaur captain

Skill      XL: |  1  2  3  4  5  6  7  8  9 10 11 12 13 14 15 16 17 18 19 20 21 |
---------------+----------------------------------------------------------------+-----
Short Blades   | 3 4 5 6 7 9 10 12 13 14 15 16 17 | 17.7
Armour         | 1 2 3 4 5 6 8 9 11 12 13 14 15 16 17 | 17.1
Dodging        | 3 4 5 6 7 8 9 10 11 12 13 14 | 14.4
Stealth        | 1 2 3 5 6 8 10 | 10.0
Fighting       | 3 4 5 7 9 10 11 12 13 14 15 16 17 | 17.9
Evocations     | 1 4 5 6 7 8 9 10 | 10.0
Shields        | 4 7 9 10 | 10.8
Spellcasting   | 4 5 |  5.0
Throwing       | |  1.7

Action                   |  1- 3 |  4- 6 |  7- 9 | 10-12 | 13-15 | 16-18 | 19-21 || total
-------------------------+-------+-------+-------+-------+-------+-------+-------++-------
Melee: Rapier            |    94 |   103 |   280 |   752 |  1816 |  2285 |  2775 ||  8105
       Dagger            |       |    82 |    92 |       |       |       |       ||   174
       Short sword       |       |       |    26 |       |       |       |       ||    26
Throw: Throwing net      |       |       |       |     7 |     4 |       |     3 ||    14
Invok: Curse Item        |       |       |       |       |     2 |       |       ||     2
 Abil: Fly               |       |       |       |       |     1 |       |       ||     1
Evoke: Wand              |       |       |       |     1 |    13 |     8 |     1 ||    23
  Use: Scroll            |       |       |    13 |    10 |    12 |     9 |     8 ||    52
       Potion            |       |       |     8 |     2 |    10 |     4 |    10 ||    34
 Stab: Sleeping          |     1 |     2 |     3 |    29 |     9 |    27 |    28 ||    99
       Held in net/web   |       |       |       |     4 |     1 |       |     3 ||     8
       Distracted        |       |       |       |     1 |     1 |     7 |       ||     9
       Petrified         |       |       |       |       |     1 |     2 |       ||     3
       Petrifying        |       |       |       |       |       |     1 |       ||     1
       Confused          |       |       |       |       |       |       |     2 ||     2
  Eat: Chunk             |       |     6 |    13 |    21 |    22 |    29 |    20 ||   111
       Ration            |       |       |       |     2 |     4 |     2 |     4 ||    12
Armor: Leather armour    |    56 |    78 |   161 |   164 |     5 |       |       ||   464
       Scale mail        |       |       |       |       |   250 |       |       ||   250
       Troll leather arm |       |       |       |       |   279 |   648 |   786 ||  1713
Dodge: Dodged            |    69 |   112 |   289 |   435 |  1084 |  1311 |  1759 ||  5059
Block: Buckler           |       |       |       |       |       |   248 |   711 ||   959
